General information
			
			
        
        - name: BNet
 
        - type: Ladder 1vs1/FFA
 
        - host: Battle.net
 
        - saver: BEAR_AND
 
        
map: LostTemple 
        - players: 2
 
        - length: 22:04
 
        - speed: Fast
 - version: 1.22 W3XP
 - replay type:  

 
» download(77 KB)
Players
        team 1 (winner) 
              
              
BEAR_AND (
teal | 114 APM | 2518 actions | 22:04)
              
 6 Archmage 
 3 Summon Water Elemental
 2 Brilliance Aura
 1 Mass Teleport
 
                » actions 
                
                | Assign group hotkey | 23 |  | 
| Basic commands | 20 |  | 
| Build / train | 94 |  | 
| Enter build submenu | 41 |  | 
| Enter hero's abilities submenu | 6 |  | 
| Give item / drop item | 1 |  | 
| Remove unit from queue | 3 |  | 
| Right click | 1432 |  | 
| Select / deselect | 315 |  | 
| Select group hotkey | 458 |  | 
| Use ability | 125 |  | 
                2518 total
 » units 
                
                | Peasant | 18 |  | 
| Footman | 2 |  | 
| Mortar Team | 6 |  | 
| Priest | 1 |  | 
| Sorceress | 1 |  | 
                28 total
 » upgrades
                
                | Masonry | 3 |  | 
| Lumber Harvesting | 2 |  | 
| Gunpowder | 3 |  | 
| Sorceress Training | 2 |  | 
| Magic Sentry | 1 |  | 
| Flare | 1 |  | 
| Fragmentation Shards | 1 |  | 
| Armor | 3 |  | 
| Swords | 2 |  | 
                18 total
 » buildings
                
                | Altar of Kings | 1 |  | 
| Barracks | 1 |  | 
| Farm | 14 |  | 
| Scout Tower | 21 |  | 
| Town Hall | 1 |  | 
| Lumber Mill | 1 |  | 
| Arcane Tower | 3 |  | 
| Guard Tower | 19 |  | 
| Keep | 1 |  | 
| Arcane Vault | 1 |  | 
| Blacksmith | 1 |  | 
| Workshop | 2 |  | 
| Arcane Sanctum | 1 |  | 
| Castle | 1 |  | 
| Gryphon Aviary | 3 |  | 
                71 total
 » build order
                00:07 Altar of Kings
00:20 Barracks
00:24 Farm
00:25 Farm
00:33 Farm
02:41 Scout Tower
02:56 Town Hall
03:07 Lumber Mill
04:13 Scout Tower
04:18 Arcane Tower
04:33 Scout Tower
05:02 Arcane Tower
05:09 Scout Tower
05:09 Scout Tower
05:14 Guard Tower
05:17 Scout Tower
05:25 Scout Tower
05:26 Farm
06:08 Guard Tower
06:08 Keep
06:10 Scout Tower
06:14 Guard Tower
06:14 Guard Tower
06:34 Guard Tower
06:35 Guard Tower
06:40 Guard Tower
07:01 Arcane Vault
07:21 Farm
07:22 Farm
07:29 Blacksmith
08:26 Scout Tower
08:29 Scout Tower
08:30 Scout Tower
08:30 Scout Tower
08:31 Scout Tower
08:42 Workshop
08:45 Workshop
08:48 Arcane Sanctum
09:01 Guard Tower
09:26 Guard Tower
09:58 Castle
10:13 Guard Tower
12:08 Guard Tower
12:09 Guard Tower
12:35 Scout Tower
12:36 Scout Tower
12:37 Scout Tower
13:44 Guard Tower
14:01 Guard Tower
14:02 Guard Tower
14:09 Scout Tower
14:10 Scout Tower
14:10 Scout Tower
14:11 Scout Tower
15:35 Guard Tower
16:36 Guard Tower
17:52 Scout Tower
18:31 Guard Tower
18:32 Guard Tower
18:38 Gryphon Aviary
18:40 Gryphon Aviary
18:42 Gryphon Aviary
18:45 Farm
18:46 Farm
18:46 Farm
18:47 Farm
18:48 Farm
19:41 Farm
19:42 Farm
19:42 Farm
» items
                
                | Boots of Speed | 1 |  | 
| Dust of Appearance | 1 |  | 
| Staff of Teleportation | 1 |  | 
| Staff of Sanctuary | 1 |  | 
| Scroll of Town Portal | 3 |  | 
                7 total
  
               team 2 (loser) 
              
              
NightsOnRepeat (
green | 70 APM | 1544 actions | 22:03)
              
 4 Warden 
 2 Shadow Strike
 2 Fan of Knives
 
                » actions 
                
                | Assign group hotkey | 24 |  | 
| Basic commands | 6 |  | 
| Build / train | 41 |  | 
| Enter build submenu | 28 |  | 
| Enter hero's abilities submenu | 4 |  | 
| Give item / drop item | 2 |  | 
| Right click | 1065 |  | 
| Select / deselect | 210 |  | 
| Select group hotkey | 106 |  | 
| Use ability | 58 |  | 
                1544 total
 » units 
                
                | Wisp | 17 |  | 
| Archer | 2 |  | 
| Huntress | 8 |  | 
| Faerie Dragon | 1 |  | 
| Goblin Sapper | 2 |  | 
                30 total
 » upgrades
                
                | Strength of the Wild | 1 |  | 
| Reinforced Hides | 1 |  | 
| Druid of the Talon Training | 1 |  | 
                3 total
 » buildings
                
                | Altar of Elders | 2 |  | 
| Moon Well | 9 |  | 
| Ancient of War | 2 |  | 
| Hunter's Hall | 2 |  | 
| Tree of Ages | 2 |  | 
| Ancient Protector | 4 |  | 
| Ancient of Wonders | 1 |  | 
| Tree of Life | 3 |  | 
| Ancient of Wind | 1 |  | 
| Tree of Eternity | 1 |  | 
                27 total
 » build order
                00:19 Altar of Elders
00:34 Moon Well
01:17 Moon Well
01:25 Moon Well
01:26 Moon Well
01:37 Ancient of War
02:09 Ancient of War
02:53 Hunter's Hall
03:00 Moon Well
03:06 Moon Well
07:10 Tree of Ages
07:35 Moon Well
07:38 Moon Well
08:33 Ancient Protector
08:38 Ancient Protector
08:42 Ancient of Wonders
10:44 Tree of Life
10:52 Ancient of Wind
12:02 Tree of Eternity
15:24 Tree of Life
15:36 Hunter's Hall
15:56 Altar of Elders
16:09 Moon Well
17:30 Ancient Protector
17:31 Ancient Protector
17:33 Tree of Ages
21:15 Tree of Life
 
                Chat log
          
(07:48 / All) BEAR_AND: rofl.
(07:52 / All) NightsOnRepeat: fag
(07:57 / All) NightsOnRepeat: haha
(08:11 / All) BEAR_AND: ROFL
(08:14 / All) BEAR_AND: gl hf
(09:02 / All) BEAR_AND: god
(09:08 / All) BEAR_AND: i can't believe you let me kill your warden
(09:12 / All) BEAR_AND: with a level 2 archmage.
(09:14 / All) NightsOnRepeat: ya
(09:16 / All) BEAR_AND: thanks for free win
(09:17 / All) NightsOnRepeat: i was so low
(10:17 / All) BEAR_AND: & thanks for huntkill
(10:27 / All) NightsOnRepeat: hmm
(10:30 / All) NightsOnRepeat: ty for ele
(11:10 / All) NightsOnRepeat: why are you such an arrogant douche bag?
(11:15 / All) BEAR_AND: lmao.
(11:19 / All) BEAR_AND: why are you so awful at this game?
(11:36 / All) NightsOnRepeat: habent played solo regularly for 2 years
(11:40 / All) NightsOnRepeat: mr
(11:44 / All) NightsOnRepeat: 220 and 260
(11:48 / All) BEAR_AND: :)
(11:49 / All) NightsOnRepeat: or whatever you terrible stats are
(14:43 / All) NightsOnRepeat: cute
(14:47 / All) BEAR_AND: i know right?
(15:16 / All) NightsOnRepeat: gg
(15:16 / All) NightsOnRepeat: Fag
(15:18 / All) BEAR_AND: leave
(19:56 / All) BEAR_AND: what's the matter?
(20:00 / All) BEAR_AND: can't kill a unit?
(20:08 / All) NightsOnRepeat: neat strat
(20:16 / All) BEAR_AND: figured i'd embarrass you even more
(20:45 / All) BEAR_AND: come on now, are you going to play or leave.
(21:34 / All) BEAR_AND: like it?
(21:38 / All) NightsOnRepeat: howe stunned